 Dungeon Crawl Stone Soup version 0.28.0-53-g5a82cb258f (webtiles) character file.

Game seed: 17089067136893826294

93 styxcanada the Sneak (level 4, 0/23 HPs)
             Began as a Spriggan Brigand on June 22, 2022.
             Slain by Grinder (1 damage)
             ... on level 3 of the Dungeon.
             The game lasted 00:06:29 (1746 turns).

styxcanada the Sneak (Spriggan Brigand)             Turns: 1746, Time: 00:06:30

Health: 0/23       AC:  3    Str: 11    XL:     4   Next: 36%
Magic:  5/5        EV: 17    Int: 12    God:
Gold:   52         SH:  0    Dex: 18    Spells: 3/3 levels left

rFire   . . .      SeeInvis +   a - +3 dagger
rCold   . . .      Faith    .   (no shield)
rNeg    + . .      Spirit   .   b - +0 robe
rPois   .          Reflect  .   (helmet restricted)
rElec   .          Harm     .   c - +0 cloak
rCorr   +          Rampage  .   (gloves unavailable)
Will    .....                   (boots unavailable)
Stlth   ++++......              (no amulet)
HPRegen 0.07/turn               j - ring of positive energy
MPRegen 0.09/turn               o - ring of resist corrosion

@: very quick
A: very small, no large weapons, unfitting armour, see invisible, speed 3,
strong 2, noise suppression
a: no special abilities


You were on level 3 of the Dungeon.
You visited 1 branch of the dungeon, and saw 3 of its levels.

You collected 52 gold pieces.

Inventory:

Hand Weapons
 a - a +3 dagger (weapon)
Missiles
 g - 42 stones (quivered)
Armour
 b - a +0 robe (worn)
 c - a +0 cloak (worn)
Jewellery
 j - a ring of positive energy (left hand)
 o - a ring of resist corrosion (right hand)
Scrolls
 n - a scroll of vulnerability {unknown}
 q - a scroll of teleportation {unknown}
 t - a scroll of magic mapping {unknown}
Potions
 f - a potion of brilliance
 h - 2 potions of heal wounds {unknown}
 k - a potion of haste {unknown}
 l - a potion of ambrosia {unknown}
 p - a potion of curing {unknown}
 s - a potion of resistance {unknown}
 u - a potion of might {unknown}


   Skills:
 * Level 2.0 Fighting
 + Level 2.6 Short Blades
 + Level 2.3 Throwing
 * Level 2.4 Dodging
 * Level 7.6 Stealth


You had 3 spell levels left.
You didn't know any spells.
Your spell library contained the following spells:

 Spells                   Type           Power      Damage    Failure   Level
 Leda's Liquefaction      Hex/Erth       0%         N/A       97%         4
 Lee's Rapid Deconstruct  Erth           0%         3d5*      100%        5
 Statue Form              Tmut/Erth      0%         N/A       100%        6


Dungeon Overview and Level Annotations

Branches:
Dungeon (3/15)

Altars:

Annotations:
D:3 Grinder


Innate Abilities, Weirdness & Mutations

You are very small and have problems with some larger weapons.
You are too small for most types of armour.
You have supernaturally acute eyesight. (SInv)
You cover ground extremely quickly. (Speed+++)
Your muscles are very strong. (Str +4)
You passively dampen the noise of your surroundings.


Message History

You throw a poisoned dart. The poisoned dart hits Grinder.
Grinder is lightly wounded.
Grinder looks more healthy.
Grinder gestures at you. Pain shoots through your body!
Grinder says, "Mostly I couldn't keep them alive."
Throw: 3 darts (poison)
Press: ? - help, Q - select action, (/) - cycle Shift-Dir - straight line, f/p - Grinder
Aim: Grinder (lightly wounded, 60% to hit)
You throw a poisoned dart.
The poisoned dart barely misses Grinder.
Throw: 2 darts (poison)
Press: ? - help, Q - select action, (/) - cycle Shift-Dir - straight line, f/p - Grinder
Aim: Grinder (lightly wounded, 60% to hit)
You throw a poisoned dart. The poisoned dart hits Grinder.
Grinder is lightly wounded.
Throw: dart (poison)
Press: ? - help, Q - select action, (/) - cycle Shift-Dir - straight line, f/p - Grinder
Aim: Grinder (lightly wounded, 60% to hit)
You throw a poisoned dart. The poisoned dart hits Grinder.
Grinder is lightly wounded.
Throw: 43 stones
Press: ? - help, Q - select action Shift-Dir - straight line, f/p - Grinder
Aim: Grinder (lightly wounded, 60% to hit)
You throw a stone.
The stone hits Grinder but does no damage.
Grinder is lightly wounded.
Grinder says, "You look like you could use a good racking."
Grinder blinks!
Grinder barely misses you. Grinder closely misses you.
You hit Grinder.
Grinder is lightly wounded.
Grinder hits you.
You writhe in agony.
You barely miss Grinder.
Grinder is lightly wounded.
Grinder hits you.
* * * LOW HITPOINT WARNING * * *
You writhe in agony.
You die...

#.............).###
#.[..# #.......#
#....######.......##
#...................
#....#######.##.....
#.....######.##.....
######............##.....
..............((.(.(((.(.
........@5..<............
.........................
...#.............#.#.....
.. #.....#######.#.#.....
. #.....# #...#.....
#####.# ..###..... ...
... .#.... ..#


You could see Grinder.

Vanquished Creatures
  Jessica (D:2)
  Terence (D:2)
  An orc (D:3)
  3 endoplasms
  2 giant cockroaches (D:1)
  2 goblins
  A hobgoblin (D:1)
  8 jackals (D:1)
  4 quokkas (D:2)
  4 ball pythons
  3 bats
  2 frilled lizards
  4 kobolds
  2 rats (D:2)
38 creatures vanquished.

Notes
Turn   | Place    | Note
-------+----------+-------------------------------------------
     0 | D:1      | styxcanada the Spriggan Brigand began the quest for the
                  | Orb.
     0 | D:1      | Reached XP level 1. HP: 10/10 MP: 2/2
    30 | D:1      | Reached skill level 6 in Stealth
    58 | D:1      | Reached XP level 2. HP: 9/15 MP: 3/3
  1047 | D:2      | Reached XP level 3. HP: 17/18 MP: 4/4
  1078 | D:2      | Noticed Jessica
  1083 | D:2      | Killed Jessica
  1084 | D:2      | Reached skill level 7 in Stealth
  1252 | D:2      | Noticed Terence
  1285 | D:2      | Killed Terence
  1286 | D:2      | Reached XP level 4. HP: 16/23 MP: 5/5
  1684 | D:3      | Gained mutation: You passively dampen the noise of your
                  | surroundings. [potion of mutation]
  1684 | D:3      | Gained mutation: Your muscles are strong. (Str +2) [potion
                  | of mutation]
  1684 | D:3      | Gained mutation: Your muscles are very strong. (Str +4)
                  | [potion of mutation]
  1709 | D:3      | Noticed Grinder
  1746 | D:3      | HP: 1/23 [Grinder (6)]
  1746 | D:3      | Slain by Grinder

Illustrated notes

Levels and vault maps discovered:
D:1:      roderic_chinese_lattice_arrival, layout_loops_ring,
          kennysheep_minor_cross
D:2:      layout_loops_ring, uniq_terence, uniq_jessica
D:3:      layout_basic, kiku_gazebo_pond_becter, nicolae_vehumet_radiance,
          shapermc_ecumenical_altar_mp_vishouse, uniq_grinder

Skill      XL: |  1  2  3 |
---------------+----------+-----
Stealth        | 6 7 |  7.6
Dodging        | 2 |  2.4
Fighting       | 2 |  2.0
Short Blades   | |  2.6
Throwing       | |  2.3

Action                   |  1- 3 |  4- 6 || total
-------------------------+-------+-------++-------
Melee: Dagger            |    79 |     4 ||    83
Throw: Dart              |    19 |     8 ||    27
       Stone             |       |     2 ||     2
  Use: Scroll            |       |     3 ||     3
       Potion            |       |     1 ||     1
 Stab: Sleeping          |    12 |     2 ||    14
Armor: Robe              |    13 |       ||    13
Dodge: Dodged            |    51 |     2 ||    53
